 Dungeon Crawl Stone Soup version 0.28.0-53-g5a82cb258f (webtiles) character file.

Game seed: 889255002721631351

15953 Zeld the Destroyer (level 12, -5/80 HPs)
             Began as a Yellow Draconian Conjurer on May 22, 2022.
             Was a Priest of Hepliaklqana.
             Killed from afar by a gargoyle (17 damage)
             ... with a stone arrow
             ... on level 12 of the Dungeon.
             The game lasted 00:16:18 (15384 turns).

Zeld the Destroyer (Yellow Draconian Conjurer)     Turns: 15384, Time: 00:16:18

Health: -5/80      AC: 13    Str:  6    XL:     12   Next: 5%
Magic:  23/24      EV: 13    Int: 23    God:    Hepliaklqana [***...]
Gold:   380        SH:  0    Dex: 13    Spells: 17/33 levels left

rFire   . . .      SeeInvis +   a - +6 flail of the Scroll {venom, Dex+3}
rCold   . . .      Faith    .   (no shield)
rNeg    . . .      Spirit   .   (armour unavailable)
rPois   .          Reflect  .   (helmet restricted)
rElec   .          Harm     .   A - +2 cloak
rCorr   +          Rampage  .   v - +0 pair of gloves
Will    .....                   y - +0 pair of boots
Stlth   ++........              l - amulet of magic regeneration
HPRegen 0.23/turn               w - ring of see invisible
MPRegen 0.59/turn               (no ring)

@: very slightly contaminated
A: reduced essence, spit acid, AC +8, unfitting armour, cold-blooded, acid
resistance, stinger 1, frail 1, low MP 1, weak 2
a: Breathe Acid, Renounce Religion, Recall Ancestor, Ancestor Identity,
Transference


You were on level 12 of the Dungeon.
You worshipped Hepliaklqana.
Hepliaklqana was most pleased with you.
You visited 2 branches of the dungeon, and saw 14 of its levels.

You collected 578 gold pieces.
You spent 198 gold pieces at shops.

Inventory:

Hand Weapons
 a - the +6 flail of the Scroll (weapon) {venom, Dex+3}
   (You found it on level 11 of the Dungeon)

   It poisons the flesh of those it strikes.
   Dex:       It affects your dexterity (+3).
Armour
 v - a +0 pair of gloves (worn)
 y - a +0 pair of boots (worn)
 A - a +2 cloak (worn)
Jewellery
 l - an amulet of magic regeneration (around neck)
 r - a ring of protection from fire
 w - a ring of see invisible (left hand)
Wands
 p - a wand of flame (50)
 q - a wand of polymorph (3)
 B - a wand of digging (2)
 C - a wand of iceblast (3)
 F - a wand of paralysis (2)
Scrolls
 b - 4 scrolls of enchant armour
 f - 2 scrolls of blinking
 j - 3 scrolls of holy word
 k - 4 scrolls of identify
 o - 3 scrolls of teleportation
 z - a scroll of amnesia
Potions
 c - 2 potions of flight {unknown}
 d - 3 potions of might {unknown}
 e - a potion of lignification {unknown}
 g - 3 potions of heal wounds {unknown}
 h - 4 potions of mutation {unknown}
 i - a potion of magic {unknown}
 n - 2 potions of brilliance {unknown}
 s - a potion of attraction {unknown}
 t - a potion of ambrosia {unknown}
 u - 2 potions of haste {unknown}
 D - a potion of resistance {unknown}
 E - 3 potions of berserk rage {unknown}


   Skills:
 + Level 7.4 Fighting
 - Level 4.0 Dodging
 - Level 4.0 Stealth
 * Level 11.2 Spellcasting
 * Level 12.6 Conjurations
 - Level 2.0 Hexes
 - Level 2.0 Translocations
 + Level 3.1 Invocations
 + Level 2.9 Evocations


You had 17 spell levels left.
You knew the following spells:

 Your Spells              Type           Power      Damage    Failure   Level
a - Magic Dart            Conj           100%       1d8       1%          1
b - Searing Ray           Conj           100%       2d8       1%          2
c - Fulminant Prism       Conj/Hex       23%        3d13      2%          4
d - Iskenderun's Mystic   Conj/Tloc      46%        2d10      2%          4
e - Irradiate             Conj/Tmut      20%        3d20      11%         5

Your spell library contained the following spells:

 Spells                   Type           Power      Damage    Failure   Level
 Dazzling Flash           Conj/Hex       92%        N/A       1%          3
 Slow                     Hex            88%        N/A       2%          1
 Blink                    Tloc           44%        N/A       3%          2
 Animate Skeleton         Necr           24%        N/A       4%          1
 Pain                     Necr           48%        1d6       4%          1
 Confusing Touch          Hex            22%        N/A       7%          3
 Sublimation of Blood     Necr           12%        N/A       8%          2
 Wereblood                Tmut           12%        N/A       8%          2
 Vampiric Draining        Necr           12%        2d6       16%         3
 Petrify                  Tmut/Erth      12%        N/A       45%         4
 Manifold Assault         Tloc           22%        N/A       52%         5
 Summon Forest            Summ/Tloc      8%         N/A       67%         5
 Summon Mana Viper        Hex/Summ       17%        N/A       67%         5
 Summon Cactus Giant      Summ           6%         N/A       100%        6
 Storm Form               Tmut/Air       6%         N/A       100%        7
 Summon Hydra             Summ           6%         N/A       100%        7


Dungeon Overview and Level Annotations

Branches:
Dungeon (13/15)            Temple (1/1) D:4            Lair (0/6) D:10
    Orc (0/2) D:12
 Vaults: D:13-14

Altars:
Ashenzari
Cheibriados
Dithmenos
Elyvilon
Fedhas
Gozag
Hepliaklqana
Kikubaaqudgha
Makhleb
Nemelex Xobeh
Okawaru
Qazlal
Ru
Sif Muna
Trog
Uskayaw
Vehumet
Wu Jian
Xom
Yredelemnul
Zin
The Shining One

Shops:
D:10 =[(

Annotations:
D:9 exclusion: cyclops
D:12 1 transporter, Zeld's ghost, journeyman MiBe
D:13 Urug


Innate Abilities, Weirdness & Mutations

Your life essence is reduced to manifest your ancestor. (-10% HP)
You can spit globs of acid.
Your golden yellow scales are hard. (AC +8)
You cannot fit into any form of body armour.
You are cold-blooded and may be slowed by cold attacks.
You are resistant to acid. (rCorr)
Your tail ends in a venomous barb.
You are frail. (-10% HP)
Your magical capacity is low. (-10% MP)
You are very weak. (Str -4)


Message History

The very large slime creature hits you!!
* * * LOW HITPOINT WARNING * * *
The slime creature hits you.
* * * LOW HITPOINT WARNING * * *
Unknown command.
Unknown command.
Two slime creatures merge to form an enormous slime creature.
Detz Nuts hits the enormous slime creature with a +0 flail!
Detz Nuts hits the enormous slime creature with a +0 flail!
An enormous slime creature splits.
Detz Nuts hits the large slime creature with a +0 flail!
The large slime creature barely misses Detz Nuts.
Two slime creatures merge to form a very large slime creature.
Detz Nuts hits the very large slime creature with a +0 flail!
Detz Nuts hits the very large slime creature with a +0 flail!
Detz Nuts blocks something's attack.
There is a stone staircase leading down here.
The very large slime creature hits Detz Nuts!
Detz Nuts hits the very large slime creature with a +0 flail!
Something hits Detz Nuts but does no damage.
The very large slime creature hits Detz Nuts!!!
Detz Nuts is destroyed!
Two slime creatures merge to form an enormous slime creature.
Okay, then.
Press: ? - help, Shift-Dir - straight line, f - enormous slime creature
Aim: an enormous slime creature (heavily wounded, misshapen and mutated, 93% to hit)
Out of range.
Okay, then.
Okay, then.
Things that are here:
a +0 giant club; a +0 giant club An orc zombie comes into view.
The orc zombie moves out of view.
A gargoyle comes into view. It is wielding a +0 morningstar.
The gargoyle moves out of view.
An ogre zombie comes into view.
A goblin zombie comes into view.
The gargoyle hurls a stone arrow at you.
The stone arrow hits you!
You die...

..8......# ..........#
..........##
...........##
...>...Z.8..#
........Z...#
Z.....9...#.#
.....Z....#.# #
...8...@..#J# .#
#...Z.#####J#######.####
###.... #.)...........
####.######)..........
....Z.. #...........
<...>.. #...>.......
......
.......###...........
......
.........#J..........
..####
.......#.............


You could see a gargoyle, a goblin zombie (wandering), 2 orc zombies, an ogre
zombie and a goblin skeleton.

Vanquished Creatures
  4 two-headed ogres
  Pikel (D:8)
  2 deep elf pyromancers
  A cyclops (D:11)
  A gargoyle (D:13)
  An unseen horror (D:9)
  2 trolls
  A hornet (D:8)
  A meliai zombie (D:11)
  2 shadows (D:12)
  A vampire (D:10)
  Grum (D:8)
  2 wyverns
  6 yaks
  A steam dragon (D:10)
  A two-headed ogre zombie (D:12)
  An acid dragon (D:10)
  A water moccasin (D:8)
  An ice beast (D:8)
  A sky beast (D:7)
  A black bear (D:6)
  3 ogres
  5 orc warriors
  A necrophage (D:5)
  3 centaurs
  4 wolves (D:8)
  3 lemures (D:8)
  3 kobold brigands
  A bullfrog (D:7)
  A scorpion (D:6)
  A wyvern zombie (D:7)
  5 killer bees (D:8)
  5 howler monkeys
  4 wights (D:5)
  2 electric eels (D:11)
  3 orc priests
  A centaur zombie (D:7)
  3 hounds
  3 iguanas
  16 orc wizards
  3 ogre zombies (D:12)
  A hound skeleton (D:4)
  A howler monkey zombie (D:7)
  2 howler monkey skeletons (D:7)
  An ancestor (D:8)
  4 gnolls (D:4)
  6 adders
  A white imp (D:6)
  2 dart slugs
  35 orcs
  3 endoplasms
  3 giant cockroaches
  2 goblins
  9 hobgoblins
  9 jackals (D:1)
  12 kobolds
  3 quokkas
  4 ball pythons
  3 bats
  11 frilled lizards
  2 goblin zombies (D:12)
  A hobgoblin skeleton (D:12)
  7 orc zombies (D:12)
  A quokka skeleton (D:4)
  6 rats
232 creatures vanquished.

Vanquished Creatures (collateral kills)
  Jorgrun (D:12)
  A two-headed ogre (D:9)
  An ugly thing (D:12)
  An unseen horror (D:13)
  A kobold demonologist (D:9)
  A slime creature (D:12)
  A shadow (D:9)
  7 yaks
  A wraith (D:11)
  A steam dragon (D:10)
  2 electric eels (D:11)
  An orc priest (D:13)
  2 orc wizards
  3 ogre zombies (D:12)
  2 orcs
  2 kobolds (D:9)
  2 goblin zombies (D:12)
  An orc skeleton (D:12)
31 creatures vanquished.

Vanquished Creatures (others)
  3 knights
  An ancestor (D:7)
  21 plants
25 creatures vanquished.

Grand Total: 288 creatures vanquished

Notes
Turn   | Place    | Note
-------+----------+-------------------------------------------
     0 | D:1      | Zeld the Draconian Conjurer began the quest for the Orb.
     0 | D:1      | Reached XP level 1. HP: 14/14 MP: 3/3
   357 | D:1      | Reached XP level 2. HP: 20/20 MP: 3/5
   481 | D:1      | Learned a level 2 spell: Searing Ray
   812 | D:1      | HP: 1/20 [kobold/+0 whip (4)]
   839 | D:1      | HP: 1/20 [kobold/+0 whip (2)]
  1250 | D:1      | Found a faded altar of an unknown god.
  1254 | D:1      | Reached XP level 3. HP: 26/26 MP: 3/6
  1644 | D:2      | Found a blossoming altar of Fedhas.
  2794 | D:3      | Reached XP level 4. HP: 33/33 MP: 3/7
  3229 | D:4      | Found a broken altar of Ashenzari.
  3539 | D:4      | Found a staircase to the Ecumenical Temple.
  3557 | Temple   | Entered the Ecumenical Temple
  3792 | D:4      | Noticed an ogre
  3881 | D:4      | Killed an ogre
  3882 | D:4      | Reached XP level 5. HP: 8/38 MP: 0/9
  4426 | D:4      | Reached skill level 5 in Conjurations
  4520 | D:4      | Reached XP level 6. HP: 27/45 MP: 1/11
  4525 | D:4      | Learned a level 4 spell: Fulminant Prism
  4530 | D:4      | Learned a level 4 spell: Iskenderun's Mystic Blast
  4822 | D:4      | Found an opulent altar of Gozag.
  4908 | D:5      | Entered Level 5 of the Dungeon
  5259 | D:5      | Reached skill level 1 in Translocations
  5343 | D:5      | Reached skill level 1 in Hexes
  5637 | D:5      | Your scales start taking on a golden yellow colour.
  5637 | D:5      | Reached XP level 7. HP: 50/50 MP: 7/12
  5637 | D:5      | Gained mutation: You are resistant to acid. (rCorr) [Yellow
                  | Draconian growth]
  5826 | Temple   | Became a worshipper of Hepliaklqana the Forgotten
  6403 | D:6      | Reached skill level 6 in Conjurations
  6526 | D:6      | Found a shimmering blue altar of Sif Muna.
  6543 | D:6      | Found an ancient bone altar of Kikubaaqudgha.
  6573 | D:6      | Found a radiant altar of Vehumet.
  6619 | D:6      | Reached XP level 8. HP: 53/57 MP: 7/15
  6705 | D:6      | Learned a level 5 spell: Irradiate
  6768 | D:6      | Reached skill level 5 in Spellcasting
  7510 | D:7      | Reached skill level 7 in Conjurations
  7726 | D:7      | HP: 1/57 [orc warrior/+0 trident (17)]
  8609 | D:7      | Reached * piety under Hepliaklqana
  9313 | D:8      | Noticed a hornet
  9319 | D:8      | Killed a hornet
  9320 | D:8      | Reached skill level 8 in Conjurations
  9380 | D:8      | Reached XP level 9. HP: 52/55 MP: 14/19
  9436 | D:8      | Noticed Pikel
  9437 | D:8      | Reached skill level 1 in Fighting
  9448 | D:8      | Killed Pikel
  9766 | D:8      | Reached skill level 9 in Conjurations
  9840 | D:8      | Gained mutation: Your tail ends in a venomous barb.
                  | [mutagenic glow]
  9964 | D:8      | Found a shadowy altar of Dithmenos.
 10139 | D:8      | Noticed Grum
 10146 | D:8      | Killed Grum
 10166 | D:8      | Reached XP level 10. HP: 18/70 MP: 3/22
 10847 | D:9      | Noticed a two-headed ogre
 10853 | D:9      | Killed a two-headed ogre
 10854 | D:9      | Reached skill level 10 in Conjurations
 11027 | D:9      | Noticed a cyclops
 11043 | D:9      | Reached ** piety under Hepliaklqana
 11044 | D:9      | Remembered your ancestor Detz Nuts as a knight
 11251 | D:9      | Found a stormy altar of Qazlal.
 11269 | D:9      | Reached skill level 5 in Fighting
 11297 | D:10     | Entered Level 10 of the Dungeon
 11579 | D:9      | Noticed a sixfirhy
 12163 | D:10     | Reached skill level 11 in Conjurations
 12219 | D:10     | Found Nocear's Weapon Shoppe.
 12266 | D:10     | Noticed a two-headed ogre
 12273 | D:10     | Killed a two-headed ogre
 12353 | D:10     | Reached XP level 11. HP: 80/80 MP: 20/24
 12526 | D:10     | Found Sauwk's Armour Shop.
 12528 | D:10     | Found Doshrol's Jewellery Emporium.
 12536 | D:10     | Reached skill level 10 in Spellcasting
 12792 | D:10     | Bought a +2 cloak for 198 gold pieces
 12854 | D:10     | Found a staircase to the Lair.
 12872 | D:10     | Found a glowing silver altar of Zin.
 13517 | D:11     | Reached *** piety under Hepliaklqana
 13517 | D:11     | Identified the +6 flail of the Scroll {venom, Dex+3}
 13557 | D:11     | Noticed a two-headed ogre
 13618 | D:11     | Killed a two-headed ogre
 13743 | D:11     | Gained mutation: You are weak. (Str -2) [mutagenic glow]
 14485 | D:12     | Noticed a purple ugly thing
 14492 | D:12     | Killed a purple ugly thing
 14522 | D:12     | Noticed a deep elf pyromancer
 14527 | D:12     | Killed a deep elf pyromancer
 14528 | D:12     | Reached skill level 12 in Conjurations
 14528 | D:12     | Reached skill level 1 in Invocations
 14528 | D:12     | Reached skill level 1 in Evocations
 14556 | D:12     | Noticed Jorgrun
 14556 | D:12     | Noticed a phantasmal warrior
 14557 | D:12     | Found a transporter.
 14557 | D:12     | Noticed a sphinx
 14557 | D:12     | Noticed a two-headed ogre
 14557 | D:12     | Noticed Zeld's ghost (journeyman MiBe)
 14559 | D:12     | Noticed a phantasmal warrior
 14566 | D:12     | Killed Jorgrun
 14582 | D:12     | Gained mutation: You are very weak. (Str -4) [mutagenic
                  | glow]
 14590 | D:13     | Noticed a two-headed ogre
 14597 | D:13     | Killed a two-headed ogre
 14620 | D:13     | Noticed Urug
 14632 | D:13     | Noticed a deep elf pyromancer
 14639 | D:13     | Killed a deep elf pyromancer
 15223 | D:12     | Noticed a two-headed ogre
 15227 | D:12     | Killed a two-headed ogre
 15228 | D:12     | Reached XP level 12. HP: 81/90 MP: 17/27
 15256 | D:12     | Found a staircase to the Orcish Mines.
 15293 | D:13     | Gained mutation: Your magical capacity is low. (-10% MP)
                  | [mutagenic glow]
 15302 | D:12     | Gained mutation: You are frail. (-10% HP) [mutagenic glow]
 15384 | D:12     | Killed from afar by a gargoyle

Illustrated notes

Levels and vault maps discovered:
D:1:      roderic_dead_forest, layout_basic, ebering_ecumenical_altar_box
D:2:      layout_basic, basic_altar, minmay_cupped
D:3:      kennysheep_big_flooded_room, layout_loops_ring
D:4:      layout_rooms, kennysheep_little_box, nicolae_ashenzari_skybound,
          minmay_temple_entry_glass, minmay_lizard_king
D:5:      layout_gridville
D:6:      layout_loops_ring, palyth_temple_overflow_mages
D:7:      layout_loops_corners
D:8:      layout_cave_pools, nicolae_dithmenos_the_darkroom,
          kennysheep_small_spiral, minmay_misc_feat_more_columns,
          minmay_between, uniq_pikel, uniq_grum
D:9:      layout_loops_ring, mainiacjoe_overflow_cross_hatched
D:10:     layout_small_grid, mainiacjoe_overflow_concentric_impassable,
          lair_entry_dummy, serial_shops, shop, nicolae_shop_crystal, shop,
          kennysheep_generic_room_5
D:11:     layout_loops_ring, serial_bayou, serial_bayou_crossing,
          serial_bayou_pond_a, serial_bayou_ford_a, serial_bayou_pond_c
D:12:     layout_roguey, zombieorc2_lemuel, gammafunk_ghost_arena,
          small_statue_alley_a, uniq_jorgrun
D:13:     layout_basic, uniq_urug, uniq_rupert
Temple:   eino_narrow_crystal_temple

Skill      XL: |  1  2  3  4  5  6  7  8  9 10 11 12 |
---------------+-------------------------------------+-----
Stealth        | 2 3 4 |  4.0
Dodging        | 2 3 4 |  4.0
Spellcasting   | 3 4 6 8 9 11 | 11.2
Conjurations   | 5 6 8 9 11 12 | 12.6
Translocations | 1 2 |  2.0
Hexes          | 1 2 |  2.0
Fighting       | 3 5 7 |  7.4
Invocations    | 2 3 |  3.1
Evocations     | 2 |  2.9

Action                   |  1- 3 |  4- 6 |  7- 9 | 10-12 || total
-------------------------+-------+-------+-------+-------++-------
Melee: Unarmed           |    43 |     4 |     4 |    12 ||    63
       Tailslap          |     3 |     1 |       |     9 ||    13
       Flail             |       |       |       |    15 ||    15
 Cast: Magic Dart        |    78 |     9 |       |     2 ||    89
       Searing Ray       |     4 |    31 |    72 |    42 ||   149
       Iskenderun's Myst |       |       |    10 |    35 ||    45
       Irradiate         |       |       |     1 |    29 ||    30
Invok: Ancestor Identity |       |       |     1 |     1 ||     2
       Ancestor Life: Kn |       |       |       |     1 ||     1
       Recall Ancestor   |       |       |       |     1 ||     1
 Abil: Breathe Acid      |       |       |     6 |     9 ||    15
  Use: Scroll            |       |       |       |    10 ||    10
       Potion            |       |       |       |     2 ||     2
 Stab: Sleeping          |       |       |     1 |     2 ||     3
       Distracted        |       |       |       |     1 ||     1
Armor: Skin              |    16 |    27 |    41 |    56 ||   140
Dodge: Dodged            |    41 |    29 |    84 |    86 ||   240
